 Dungeon Crawl Stone Soup version 0.30.1-3-gfc49f6343a (webtiles) character file.

Game seed: 13422967281377971755

66 Peloso the Covered (level 3, -3/33 HPs)
             Began as a Minotaur Fighter on July 21, 2023.
             Killed from afar by an orc wizard (9 damage)
             ... with a puff of flame
             ... on level 3 of the Dungeon.
             The game lasted 00:02:28 (2175 turns).

Peloso the Covered (Minotaur Fighter)               Turns: 2175, Time: 00:02:28

Health: -3/33      AC:  9    Str: 18 (20) XL:     3   Next: 96%
Magic:  2/2        EV:  7    Int:  5      God:
Gold:   74         SH:  0    Dex:  9 (11) Spells: 2/2 levels left

rFire   . . .        a - +0 long sword
rCold   . . .        d - +0 buckler
rNeg    . . .        c - +0 chain mail
rPois   .            (helmet restricted)
rElec   .            (no cloak)
rCorr   .            (no gloves)
SInv    .            (no boots)
Will    .....        (no amulet) Stlth
                     (no ring)
HPRegen 0.25/turn    (no ring)
MPRegen 0.08/turn

%: no passive effects
@: confused
A: horns 2, retaliatory headbutt
a: no special abilities


You were on level 3 of the Dungeon.
You visited 1 branch of the dungeon, and saw 3 of its levels.

You collected 74 gold pieces.

Inventory:

Hand Weapons
 a - a +0 long sword (weapon)
Armour
 b - a +0 scale mail
 c - a +0 chain mail (worn)
 d - a +0 buckler (worn)
Scrolls
 e - a scroll of noise
 g - a scroll of poison
Potions
 h - a potion of might


   Skills:
 + Level 4.2 Fighting
 + Level 3.0 Long Blades
 + Level 4.6 Armour
 + Level 0.1 Dodging
 + Level 4.2 Shields


You had 2 spell levels left.
You didn't know any spells.
Your spell library was empty.

Dungeon Overview and Level Annotations

Branches:
Dungeon (3/15)

Altars:


Innate Abilities, Weirdness & Mutations

You have a pair of horns on your head.
You reflexively headbutt those who attack you in melee.


Message History

Something hits you but does no damage. x2
You hit something. Something hits you but does no damage.
You closely miss something. Something hits you but does no damage.
You completely miss something. Something hits you.
You hear some strange, mumbled words.
Something tries to affect you, but you resist.
You hit something but do no damage. Something hits you but does no damage.
You completely miss something. Something hits you but does no damage.
You miss something. Your headbutt misses something.
Something hits you but does no damage. Something hits you.
You miss something. Something hits you but does no damage.
You closely miss something.
An orc wizard appears from thin air!
Reactivating autopickup.
The orc wizard mumbles some strange words.
The orc wizard flickers and vanishes!
Deactivating autopickup; reactivate with Ctrl-A.
You closely miss something. Your headbutt misses something.
Something hits you but does no damage. x2
You miss something.
You hear some strange, mumbled words.
You are confused.
You bump into the rock wall.
Something hits you but does no damage.
You barely miss something.
You hear some strange, mumbled words.
A puff of flame appears from out of thin air!
The puff of flame hits you!
You bump into the rock wall.
You hear some strange, mumbled words.
You are more confused.
You bump into the rock wall.
Something hits you but does no damage.
You hit something. Something hits you.
You bump into the rock wall.
Something hits you but does no damage.
You bump into the rock wall.
Something hits you but does no damage.
You miss something. Your headbutt misses something. Something hits you.
You hit something. The orc hits you with a +0 hand axe.
* * * LOW HITPOINT WARNING * * *
You hear some strange, mumbled words.
A puff of flame appears from out of thin air!
The puff of flame hits you!
You die...

### ... #.# #.#
# #.#####...
#<........
#{@.......
#o#....##.
#K##.#.#
.......)....#.#
####.......## .
#........#
####.####.# #..
# #.#


You could see an orc and a kobold.

Vanquished Creatures
  Jessica (D:2)
  A worm (D:2)
  2 orcs (D:3)
  5 ball pythons
  5 endoplasms
  2 giant cockroaches
  2 goblins
  3 hobgoblins (D:2)
  3 kobolds
  A quokka (D:2)
  4 bats
  A frilled lizard (D:1)
  2 rats
32 creatures vanquished.

Notes
Turn   | Place    | Note
-------+----------+-------------------------------------------
     0 | D:1      | Peloso the Minotaur Fighter began the quest for the Orb.
     0 | D:1      | Reached XP level 1. HP: 19/19 MP: 0/0
   323 | D:1      | Reached XP level 2. HP: 27/27 MP: 1/1
  1418 | D:2      | Reached XP level 3. HP: 29/33 MP: 2/2
  1789 | D:2      | Noticed Jessica
  1795 | D:2      | Killed Jessica
  2175 | D:3      | Killed from afar by an orc wizard

Illustrated notes

Levels and vault maps discovered:
D:1:      dpeg_arrival_rooms_a, layout_basic
D:2:      layout_basic, uniq_jessica
D:3:      layout_loops_ring, palyth_temple_overflow_mages,
          mainiacjoe_overflow_surrounded_room, mainiacjoe_overflow_divided_tiny,
          serial_undead, serial_undead_f, serial_undead_c, serial_undead_b,
          serial_undead_b, minmay_fractal_squares_gapless_5

Skill      XL: |  1  2  3 |
---------------+----------+-----
Fighting       | 4 |  4.2
Shields        | 4 |  4.2
Armour         | 4 |  4.6
Long Blades    | 3 |  3.0
Dodging        | |  0.1

Action                     || total
---------------------------++-------
  Melee: Long sword        ||   101
         Headbutt          ||    16
    Use: Scroll            ||     3
         Potion            ||     1
 Armour: Scale mail        ||    24
         Chain mail        ||    45
  Dodge: Dodged            ||    34
  Block: Buckler           ||    11
